 Dungeon Crawl Stone Soup version 0.26-a0-1132-ge9770dfcb6 (webtiles) character file.

Game seed: 15510628283711929574

6658 tilp the Transmogrifier (level 11, 0/84 (86) HPs)
             Began as an Octopode Transmuter on Dec 21, 2020.
             Was a Follower of Ru.
             Slain by Snorg (15 damage)
             ... on level 10 of the Dungeon.
             The game lasted 00:25:31 (14775 turns).

tilp the Transmogrifier (Octopode Transmuter)      Turns: 14775, Time: 00:25:31

HP:   0/84 (86)     AC: 10    Str:  9    XL:     11   Next: 3%
MP:   0/19          EV: 13    Int: 19    God:    Ru [*.....]
Gold: 707           SH:  0    Dex: 13    Spells: 6/21 levels left

rFire    . . .     SeeInvis .     - Unarmed
rCold    + + +     Faith    .   (shield currently unavailable)
rNeg     . . .     Spirit   +   (helmet currently unavailable)
rPois    +         Reflect  .   C - amulet of guardian spirit
rElec    .         Harm     .   q - +4 ring of protection
rCorr    .         Rampage  .   o - ring of poison resistance
Will     +....                  v - ring of protection from fire
Stlth    ++........             B - ring of willpower
HPRegen  0.24/turn              (no ring)
MPRegen  0.16/turn              (no ring)
                                (no ring)
                                (no ring)

@: ice-form, lightly drained
A: large, almost no armour, stealthy swim, amphibious, 8 rings, (constrict 8),
no fire magic, no hexes magic, no summoning magic
a: End Transformation, Renounce Religion


You were on level 10 of the Dungeon.
You worshipped Ru.
Ru was aware of your devotion.
You were a creature of crystalline ice.
You visited 2 branches of the dungeon, and saw 11 of its levels.

You collected 707 gold pieces.

Inventory:

Missiles
 h - 62 poisoned darts (quivered)
 k - 11 boomerangs
Armour
 A - a +2 hat (melded)
Magical Staves
 y - an uncursed staff of earth
Jewellery
 o - a ring of poison resistance (right front paw)
 q - a +4 ring of protection (left front paw)
 v - a ring of protection from fire (on tentacle)
 B - a ring of willpower (on tentacle)
 C - an amulet of guardian spirit (around neck)
Wands
 d - a wand of acid (16)
 s - a wand of flame (37)
 u - a wand of paralysis (4)
 D - a wand of iceblast (7)
Scrolls
 e - 4 scrolls of magic mapping
 f - 4 scrolls of amnesia
 i - a scroll of identify
 r - 3 scrolls of teleportation
 w - 2 scrolls of fog
 x - 3 scrolls of remove curse
 E - a scroll of enchant armour
Potions
 a - 2 potions of flight
 b - a potion of ambrosia
 g - 2 potions of might
 j - a potion of lignification
 l - 5 potions of heal wounds
 m - 2 potions of attraction
 n - a potion of haste
 p - 2 potions of resistance
 t - a potion of curing
 z - a potion of invisibility
 F - a potion of brilliance {unknown}


   Skills:
 - Level 6.0 Fighting
 - Level 6.0 Dodging
 - Level 4.0 Stealth
 - Level 8.0 Unarmed Combat
 + Level 5.8 Spellcasting
 - Level 8.0 Transmutations
 - Level 4.0 Ice Magic
 - Level 4.0 Poison Magic
 - Level 4.0 Evocations


You had 6 spell levels left.
You knew the following spells:

 Your Spells              Type           Power        Failure   Level
a - Beastly Appendage     Tmut           70%          1%          1
b - Wereblood             Tmut           35%          1%          2
c - Spider Form           Tmut/Pois      14%          3%          3
d - Ice Form              Ice/Tmut       28%          10%         4
e - Blade Hands           Tmut           17%          12%         5

Your spell library contained the following spells:

 Spells                   Type           Power        Failure   Level
 Shock                    Conj/Air       20%          12%         1
 Swiftness                Air            5%           17%         2
 Static Discharge         Conj/Air       5%           34%         3
 Airstrike                Air            2%           75%         4
 Lightning Bolt           Conj/Air       2%           97%         5
 Yara's Violent Unravell  Hex/Tmut       Unusable     N/A         5
 Cause Fear               Hex            Unusable     N/A         4
 Silence                  Hex/Air        Unusable     N/A         5
 Discord                  Hex            Unusable     N/A         8

Dungeon Overview and Level Annotations

Branches:
Dungeon (10/15)            Temple (1/1) D:7            Lair (0/6) D:8
    Orc (0/2) D:10

Altars:
Ashenzari
Cheibriados
Dithmenos
Elyvilon
Fedhas
Gozag
Hepliaklqana
Kikubaaqudgha
Makhleb
Nemelex Xobeh
Okawaru
Qazlal
Ru
Sif Muna
Trog
Uskayaw
Vehumet
Wu Jian
Xom
Yredelemnul
Zin
The Shining One

Annotations:
D:4 exclusions: 2 orcs and orc wizard, Dowan, Menkaure
D:5 exclusion: giant cockroach, Grinder
D:9 3 runed translucent doors, SamuraiZach's ghost, novice MiFi
D:10 Snorg


Innate Abilities, Weirdness & Mutations

You cannot wear most types of armour.
You are very stealthy in the water. (Stealth+)
You are amphibious.
You can wear up to eight rings at the same time.
((You can use your tentacles to constrict eight enemies at once.))
((Your skin changes colour to match your surroundings (Stealth+).))
((Your rubbery body absorbs attacks. (AC +1, EV +1)))
You cannot study or cast Fire magic.
You cannot study or cast Hexes magic.
You cannot study or cast Summoning magic.


Message History

Aiming: Iceblast
Press: ? - help, Shift-Dir - straight line, f - Snorg
Aim: Snorg (severely wounded, berserk, covered in acid)
The mass of ice explodes!
The iceblast engulfs Snorg!!
Snorg is severely wounded.
Snorg rages.
Unknown command.
Evoke which item? (* to show all) (? for menu, Esc to quit)
Aiming: Iceblast
Press: ? - help, Shift-Dir - straight line, f/p - Snorg
Aim: Snorg (severely wounded, berserk, covered in acid)
The mass of ice explodes!
The iceblast engulfs Snorg!
Snorg is almost dead.
Unknown command.
Unknown command.
You punch Snorg! You freeze Snorg.
Snorg is almost dead.
Snorg is no longer covered in acid.
Snorg bites you but does no damage. Snorg claws you!
You die...

#...................#.
####...........##...#.
######........##...#.
..##.....###....#....#...##...#.
..#.............#...............
................................
................................
...................(.(.)........
..............TY<...()..........
.......#......#.................
#............................
##...).....(..............#..
#......#................>#..
#......####..........[>.....
####...# #..(...(....#(....
#...# ###......####...## #####
#..........######


You could see Snorg (berserk).

Vanquished Creatures
  A two-headed ogre (D:7)
  Pikel (D:6)
  A kobold demonologist (D:8)
  3 yaks (D:9)
  A phantom (D:9)
  2 sky beasts
  5 ice beasts
  3 ogres
  2 black bears
  3 centaurs
  15 big kobolds
  11 bullfrogs
  A wyvern zombie (D:9)
  9 killer bees
  4 wights
  A howler monkey (D:9)
  A bullfrog zombie (D:5)
  2 orc wizards
  3 bullfrog skeletons
  A gnoll shaman (D:6)
  2 hounds
  5 orc priests
  4 centaur skeletons
  3 iguanas
  Terence (D:2)
  6 worker ants
  A hound zombie (D:9)
  2 hound skeletons
  A worker ant zombie (D:5)
  3 gnolls (D:6)
  15 adders
  2 shadow imps
  A white imp (D:8)
  2 ufetubi
  An ooze (D:2)
  An adder zombie (D:7)
  3 worms
  3 adder skeletons
  2 dart slugs
  7 leopard geckos
  18 orcs
  3 ball pythons
  9 bats
  9 giant cockroaches
  15 goblins
  4 hobgoblins
  14 jackals
  23 kobolds
  3 quokkas
  4 frilled lizards
  7 rats
244 creatures vanquished.

Notes
Turn   | Place    | Note
-------+----------+-------------------------------------------
     0 | D:1      | tilp the Octopode Transmuter began the quest for the Orb.
     0 | D:1      | Reached XP level 1. HP: 13/13 MP: 3/3
   242 | D:1      | Reached skill level 1 in Stealth
   421 | D:1      | Reached XP level 2. HP: 17/18 MP: 3/5
   424 | D:1      | Learned a level 2 spell: Wereblood
  1083 | D:1      | Reached XP level 3. HP: 20/24 MP: 6/6
  1430 | D:2      | Noticed Terence
  1602 | D:2      | Found a faded altar of an unknown god.
  1725 | D:2      | Killed Terence
  1726 | D:2      | Reached XP level 4. HP: 15/29 MP: 7/7
  2342 | D:2      | Found a hide-covered altar of Uskayaw.
  2582 | D:2      | Reached XP level 5. HP: 34/34 MP: 6/8
  2675 | D:2      | Learned a level 3 spell: Spider Form
  3785 | D:4      | Noticed Menkaure
  4112 | D:4      | Noticed Dowan
  4189 | D:4      | Reached XP level 6. HP: 35/39 MP: 8/10
  5426 | D:5      | Entered Level 5 of the Dungeon
  5450 | D:5      | Noticed Grinder
  5663 | D:5      | Reached XP level 7. HP: 38/45 MP: 10/13
  5920 | D:5      | Reached skill level 1 in Poison Magic
  6436 | D:6      | Reached skill level 5 in Transmutations
  6953 | D:6      | Noticed Pikel
  6972 | D:6      | Killed Pikel
  6973 | D:6      | Reached XP level 8. HP: 38/52 MP: 14/14
  7094 | D:6      | Learned a level 4 spell: Ice Form
  7375 | D:6      | Reached skill level 5 in Unarmed Combat
  8428 | D:6      | Found a bloodstained altar of Trog.
  8596 | D:7      | Reached skill level 1 in Evocations
  8668 | D:7      | Reached XP level 9. HP: 56/58 MP: 12/15
  8783 | D:7      | Noticed a two-headed ogre
  8964 | D:7      | Found a staircase to the Ecumenical Temple.
  8986 | Temple   | Entered the Ecumenical Temple
  9263 | Temple   | Became a worshipper of Ru the Awakened
  9423 | D:7      | Killed a two-headed ogre
 10062 | D:8      | Reached skill level 5 in Dodging
 10079 | D:8      | Reached skill level 5 in Fighting
 10090 | D:8      | Reached XP level 10. HP: 30/66 MP: 6/16
 10090 | D:8      | Noticed a kobold demonologist
 10103 | D:8      | Noticed a smoke demon
 10105 | D:8      | Killed a kobold demonologist
 10448 | D:8      | Found a staircase to the Lair.
 11383 | D:8      | Learned a level 5 spell: Blade Hands
 11457 | D:9      | Reached skill level 1 in Ice Magic
 11458 | D:9      | Gained mutation: You cannot study or cast Fire magic. [Ru
                  | sacrifice]
 11458 | D:9      | Gained mutation: You cannot study or cast Hexes magic. [Ru
                  | sacrifice]
 11458 | D:9      | Gained mutation: You cannot study or cast Summoning magic.
                  | [Ru sacrifice]
 11458 | D:9      | Reached * piety under Ru
 12881 | D:9      | Noticed SamuraiZach's ghost (novice MiFi)
 12882 | D:9      | Found a runed translucent gate.
 12882 | D:9      | Found a runed translucent gate.
 12883 | D:9      | Found a runed translucent gate.
 13611 | D:10     | Entered Level 10 of the Dungeon
 13738 | D:10     | Found a staircase to the Orcish Mines.
 14066 | D:10     | Reached skill level 5 in Spellcasting
 14410 | D:10     | Noticed Snorg
 14415 | D:9      | Reached XP level 11. HP: 57/70 MP: 8/19
 14775 | D:10     | Slain by Snorg

Illustrated notes

Levels and vault maps discovered:
D:1:      dpeg_arrival_arbitrary_c, layout_loops_corners, serial_park_tiny_2,
          fountainhead, bh_walls_and_bars
D:2:      layout_rooms, nicolae_overflow_crystal_walls,
          chequers_ecumenical_altar_grove, uniq_terence
D:3:      layout_loops_cross
D:4:      layout_loops_corners, st_stairs_5, corexii_checkpoint_a, uniq_duvessa,
          uniq_menkaure
D:5:      layout_rooms, uniq_grinder
D:6:      layout_gridville, bloody_trog, uniq_pikel
D:7:      layout_rooms, minmay_temple_entry_hall
D:8:      layout_loops_cross, lair_entry_dummy, special_room
          [special_room_kobold]
D:9:      layout_gridville, gammafunk_ghost_spectres, minmay_between
D:10:     layout_cross, orc_0_dummy, uniq_snorg
Temple:   roderic_octagonal_lattice_temple

Skill      XL: |  1  2  3  4  5  6  7  8  9 10 |
---------------+-------------------------------+-----
Stealth        | 1 2 3 4 |  4.0
Fighting       | 2 3 4 5 6 |  6.0
Unarmed Combat | 4 6 8 |  8.0
Transmutations | 3 4 6 8 |  8.0
Spellcasting   | 3 4 5 |  5.8
Poison Magic   | 2 4 |  4.0
Dodging        | 3 4 5 6 |  6.0
Evocations     | 1 4 |  4.0
Ice Magic      | 4 |  4.0

Action                   |  1- 3 |  4- 6 |  7- 9 | 10-12 || total
-------------------------+-------+-------+-------+-------++-------
Melee: Unarmed           |    64 |   116 |   260 |   291 ||   731
       Kick              |    19 |    30 |    56 |    11 ||   116
       Constrict         |    13 |    31 |    50 |    15 ||   109
       Tentacles         |     5 |    14 |    36 |    10 ||    65
       Punch             |     1 |     4 |     7 |     2 ||    14
Throw: Stone             |     4 |       |       |       ||     4
       Dart              |     6 |    43 |    45 |     5 ||    99
       Boomerang         |       |     2 |     7 |       ||     9
 Cast: Beastly Appendage |    17 |    35 |    32 |    10 ||    94
       Wereblood         |     7 |     9 |    21 |    20 ||    57
       Spider Form       |       |       |     4 |    19 ||    23
       Ice Form          |       |       |       |     6 ||     6
Invok: Sacrifice Arcana  |       |       |       |     1 ||     1
Evoke: Wand              |       |       |     3 |     6 ||     9
  Use: Scroll            |       |     9 |     9 |     7 ||    25
 Stab: Sleeping          |     4 |     6 |     6 |     1 ||    17
       Paralysed         |       |       |     6 |       ||     6
       Distracted        |       |       |       |     1 ||     1
Armor: Skin              |     5 |     4 |    36 |    44 ||    89
Dodge: Dodged            |    42 |    63 |   155 |   290 ||   550

Table legend: (Time is in decaauts)
 A = Elapsed time spent in this place.
 B = Non-inter-level travel time spent in this place.
 C = Inter-level travel time spent in this place.
 D = Time resting spent in this place.
 E = Time spent auto-exploring this place.
 F = Levels seen in this place.
 G = Mean time per level.
                   A        B        C        D        E       F      G
               +--------+--------+--------+--------+--------+-----+--------+
         Total |  14704 |  13872 |    832 |   4536 |   7162 |  11 | 1336.7 |
       Dungeon |  14408 |  13630 |    778 |   4536 |   6923 |  10 | 1440.8 |
        Temple |    295 |    241 |     54 |      0 |    239 |   1 |  295.0 |
               +--------+--------+--------+--------+--------+-----+--------+

Top non-repeatable levels by time:
     D:9: 2232 daAuts
     D:6: 2162 daAuts
     D:8: 1734 daAuts
     D:4: 1601 daAuts
     D:2: 1437 daAuts
     D:1: 1411 daAuts
     D:7: 1322 daAuts
     D:5: 973 daAuts
     D:3: 965 daAuts
    D:10: 567 daAuts
  Temple: 295 daAuts
